 Dungeon Crawl Stone Soup version 0.28.0-62-gf88900778d (webtiles) character file.

Game seed: 3635198739609080438

41470 cbfl8 the Severer (level 13, -10/119 HPs)
             Began as a Minotaur Berserker on June 28, 2023.
             Was a High Priest of Trog.
             Mangled by Agnes
             ... wielding a +0 lajatang
              (21 damage)
             ... on level 14 of the Dungeon.
             The game lasted 00:18:55 (24488 turns).

cbfl8 the Severer (Minotaur Berserker)             Turns: 24488, Time: 00:18:56

Health: -10/119    AC: 20    Str: 28    XL:     13   Next: 80%
Magic:  12/12      EV: 10    Int:  4    God:    Trog [*****.]
Gold:   651        SH:  0    Dex: 15    Spells: 12/12 levels left

rFire   . . .      SeeInvis .   x - +2 hand axe (venom)
rCold   + . .      Faith    +   (no shield)
rNeg    . . .      Spirit   .   o - +0 plate armour
rPois   .          Reflect  .   (helmet restricted)
rElec   .          Harm     .   m - +0 cloak
rCorr   .          Rampage  .   n - +0 pair of gloves
Will    .....                   (no boots)
Stlth   ..........              b - amulet of faith
HPRegen 0.29/turn               z - ring of protection from cold
MPRegen 0.13/turn               D - +6 ring of strength

@: about to teleport, marked, on berserk cooldown, slowed, very slow
A: horns 2, retaliatory headbutt
a: Renounce Religion, Berserk, Trog's Hand, Brothers in Arms


You were on level 14 of the Dungeon.
You worshipped Trog.
Trog was extremely pleased with you.
You visited 1 branch of the dungeon, and saw 14 of its levels.

You collected 682 gold pieces.
You spent 31 gold pieces at shops.

Inventory:

Hand Weapons
 t - a +0 war axe of freezing
 w - a +0 hand axe of flaming
 x - a +2 hand axe of venom (weapon)
 y - a +2 antimagic executioner's axe
 B - a +3 vampiric war axe
Armour
 m - a +0 cloak (worn)
 n - a +0 pair of gloves (worn)
 o - a +0 plate armour (worn)
Jewellery
 b - an amulet of faith (around neck)
 p - a ring of see invisible
 z - a ring of protection from cold (left hand)
 D - a +6 ring of strength (right hand)
Wands
 a - a wand of flame (27)
 d - a wand of digging (15) (quivered)
 h - a wand of paralysis (2)
 G - a wand of mindburst (11)
Scrolls
 c - 4 scrolls of teleportation
 f - 4 scrolls of enchant weapon
 i - 3 scrolls of magic mapping
 k - 4 scrolls of noise
 s - 2 scrolls of enchant armour
 u - 3 scrolls of identify
Potions
 e - 4 potions of heal wounds
 l - a potion of lignification
 q - 2 potions of might
 r - 3 potions of curing
 v - a potion of berserk rage
 A - a potion of ambrosia
Miscellaneous
 C - a lightning rod (4/4)


   Skills:
 + Level 12.6 Fighting
 + Level 15.5 Axes
 + Level 15.5 Armour
 + Level 4.0 Dodging
 + Level 4.0 Stealth
 * Level 10.5 Evocations


You had 12 spell levels left.
You didn't know any spells.
Your spell library was empty.

Dungeon Overview and Level Annotations

Branches:
Dungeon (14/15)            Temple (0/1) D:4            Lair (0/6) D:9
    Orc (0/2) D:10         Vaults (0/5) D:13

Altars:
Cheibriados
Fedhas
Gozag
Nemelex Xobeh
Okawaru
Trog
Uskayaw

Shops:
D:2 (   D:6 =   D:11 *

Annotations:
D:14 Agnes


Innate Abilities, Weirdness & Mutations

You have a pair of horns on your head.
You reflexively headbutt those who attack you in melee.


Message History

You kill the purple ugly thing!
Trog accepts your kill.
You slash the cyan ugly thing!
The cyan ugly thing looks as sick as possible!
You headbutt the cyan ugly thing.
You kill the cyan ugly thing!
Trog accepts your kill.
You hear a grinding noise.
You feel a strong urge to attack something.
You feel your anger nearly subside.
You are no longer berserk.
You are exhausted.
You feel yourself slow down.
You hear a grinding noise.
c - 5 scrolls of teleportation (gained 1)
You hear a grinding noise.
There are no items here.
You hear a grinding noise.
You hear a grinding noise.
Agnes the Wanderer comes into view.
She is wielding a +0 lajatang.
You see here 17 stones.
Agnes hits you with a +0 lajatang! x2
* * * LOW HITPOINT WARNING * * *
Okay, then.
Okay, then.
As you read the scroll labelled ODAUKAOGHU, it crumbles to dust.
It is a scroll of brand weapon.
Your +0 war axe of electrocution is covered with a thin layer of ice!
t - a +0 war axe of freezing Agnes hits you with a +0 lajatang.
* * * LOW HITPOINT WARNING * * *
Agnes hits you with a +0 lajatang!
* * * LOW HITPOINT WARNING * * *
Agnes hits you with a +0 lajatang!
* * * LOW HITPOINT WARNING * * *
As you read the scroll of teleportation, it crumbles to dust.
You feel strangely unstable. Agnes barely misses you. You furiously retaliate!
You headbutt Agnes.
Agnes says, "I despise a dishonourable opponent."
Agnes hits you with a +0 lajatang!!
You die...

#.............##.. ##..
#................#######..#
#................. .......
#........†(...##.. .......
.............##.####8...._
..#...................8..
##......####..###..⌠≈≈≈
#..######....###..8≈###
##.###.@...##..##...≈#$$
##..##.i#######.##._.≈.$$
#..###.## ###.##...≈#$$
#......# #.......8≈###
#.###### #.........⌠≈≈≈ ###
...........8..
........8...._
..............
#.............


You could see Agnes.

Vanquished Creatures
  8 boulder beetles
  A rakshasa (D:10)
  11 two-headed ogres
  3 centaur warriors
  3 tengu warriors
  Urug (D:10)
  A skeletal warrior (D:10)
  2 wizards (D:10)
  A necromancer (D:13)
  An orc knight (D:10)
  A deep elf zephyrmancer (D:10)
  3 deep elf pyromancers
  3 manticores
  3 ugly things (D:14)
  6 cyclopes
  An elephant (D:9)
  2 gargoyles (D:13)
  A komodo dragon (D:11)
  An unseen horror (D:11)
  3 tengu conjurers
  5 trolls
  A meliai (D:10)
  A hornet (D:8)
  Grinder (D:3)
  15 slime creatures
  Sigmund (D:5)
  A shadow (D:11)
  3 vampires
  A wraith (D:10)
  16 yaks
  A basilisk (D:9)
  2 wyverns
  2 steam dragons (D:9)
  5 vampire mosquitoes
  A water moccasin (D:7)
  2 acid dragons
  6 orc warriors
  A sky beast (D:8)
  A black bear (D:9)
  A hornet zombie (D:6)
  2 ice beasts
  A necrophage (D:5)
  An ogre (D:5)
  11 centaurs
  2 kobold brigands
  2 bullfrogs
  3 scorpions
  2 water moccasin zombies (D:5)
  2 wyvern skeletons
  4 wights (D:8)
  5 howler monkeys
  4 hounds
  3 centaur zombies
  3 jellies
  3 bullfrog skeletons
  6 orc priests
  Crazy Yiuf (D:5)
  2 gnoll shamans
  An iguana (D:4)
  A centaur skeleton (D:5)
  15 orc wizards
  9 adders
  19 gnolls
  2 white imps
  A worm (D:3)
  4 dart slugs
  44 orcs
  6 endoplasms
  4 giant cockroaches
  A giant cockroach (shapeshifter) (D:10)
  11 goblins
  9 hobgoblins
  4 jackals (D:2)
  2 quokkas
  2 ball pythons
  6 bats
  3 frilled lizards
  15 kobolds
  2 rats
341 creatures vanquished.

Vanquished Creatures (others)
  2 bushes
  55 plants
57 creatures vanquished.

Grand Total: 398 creatures vanquished

Notes
Turn   | Place    | Note
-------+----------+-------------------------------------------
     0 | D:1      | cbfl8 the Minotaur Berserker began the quest for the Orb.
     0 | D:1      | Reached XP level 1. HP: 19/19 MP: 0/0
   439 | D:1      | Reached XP level 2. HP: 27/27 MP: 1/1
  1347 | D:2      | Found Qeotaucw's Weapon Shoppe.
  1469 | D:2      | Found a faded altar of an unknown god.
  1965 | D:2      | Reached XP level 3. HP: 33/33 MP: 2/2
  1970 | D:2      | Reached ** piety under Trog
  1971 | D:2      | Reached skill level 1 in Evocations
  2398 | D:3      | Reached XP level 4. HP: 41/41 MP: 3/3
  2634 | D:3      | Noticed Grinder
  2641 | D:3      | Paralysed by Grinder for 2 turns
  2648 | D:3      | Killed Grinder
  2649 | D:3      | Reached skill level 5 in Axes
  2649 | D:3      | Reached XP level 5. HP: 38/47 MP: 4/4
  2649 | D:3      | Reached XP level 6. HP: 44/55 MP: 5/5
  3299 | D:4      | Reached skill level 5 in Fighting
  3843 | D:4      | Found a staircase to the Ecumenical Temple.
  4439 | D:5      | Entered Level 5 of the Dungeon
  4444 | D:5      | Reached XP level 7. HP: 61/61 MP: 6/6
  4497 | D:5      | Reached skill level 5 in Armour
  4497 | D:5      | Reached skill level 1 in Stealth
  4995 | D:5      | Reached XP level 8. HP: 69/69 MP: 7/7
  5021 | D:5      | Found an opulent altar of Gozag.
  5021 | D:5      | Noticed Sigmund
  5036 | D:5      | Killed Sigmund
  5036 | D:5      | Reached *** piety under Trog
  5183 | D:5      | Found a runed translucent door.
  5184 | D:5      | Noticed Crazy Yiuf
  5382 | D:5      | Killed Crazy Yiuf
  6117 | D:6      | Found a bloodstained altar of Trog.
  6202 | D:6      | Found a sparkling altar of Nemelex Xobeh.
  6308 | D:6      | Found Zaamuth's Jewellery Shoppe.
  6424 | D:6      | Reached XP level 9. HP: 63/78 MP: 8/8
  7058 | D:7      | Noticed a manticore
  7073 | D:7      | Killed a manticore
  7074 | D:7      | Reached skill level 5 in Evocations
  7666 | D:7      | Reached **** piety under Trog
  7670 | D:7      | Reached skill level 10 in Axes
  8464 | D:8      | Paralysed by a hornet for 2 turns
  8750 | D:8      | Reached XP level 10. HP: 56/86 MP: 9/9
  9355 | D:8      | Found a snail-covered altar of Cheibriados.
  9746 | D:9      | Noticed a two-headed ogre
  9758 | D:9      | Killed a two-headed ogre
 10070 | D:9      | Noticed a two-headed ogre
 10081 | D:9      | Killed a two-headed ogre
 10939 | D:9      | Found a staircase to the Lair.
 10940 | D:9      | Noticed a two-headed ogre
 10954 | D:9      | Killed a two-headed ogre
 10956 | D:9      | Reached skill level 10 in Armour
 11436 | D:9      | Noticed an elephant
 11453 | D:9      | Killed an elephant
 11454 | D:9      | Reached XP level 11. HP: 67/97 MP: 10/10
 11678 | D:10     | Entered Level 10 of the Dungeon
 12181 | D:10     | Noticed a two-headed ogre
 12195 | D:10     | Killed a two-headed ogre
 12311 | D:10     | Found a runed translucent door.
 12312 | D:10     | Noticed a boulder beetle
 12312 | D:10     | Noticed a skeletal warrior
 12313 | D:10     | Noticed a centaur warrior
 12313 | D:10     | Noticed a centaur warrior
 12464 | D:10     | Noticed a wizard
 12466 | D:10     | Noticed a wizard
 12471 | D:10     | Noticed a deep elf zephyrmancer
 12486 | D:10     | Killed a wizard
 12488 | D:10     | Killed a wizard
 12492 | D:10     | Killed a deep elf zephyrmancer
 12541 | D:10     | Noticed a deep elf pyromancer
 12555 | D:10     | Killed a deep elf pyromancer
 12666 | D:10     | Reached ***** piety under Trog
 12679 | D:10     | You fall into a shaft and drop 2 floors!
 12679 | D:12     | Noticed a boulder beetle
 12688 | D:12     | Killed a boulder beetle
 13319 | D:12     | Reached skill level 10 in Fighting
 13985 | D:10     | Found a staircase to the Orcish Mines.
 14099 | D:10     | Noticed Urug
 14118 | D:10     | Killed Urug
 14119 | D:10     | Reached XP level 12. HP: 31/106 MP: 11/11
 15034 | D:10     | Found a blossoming altar of Fedhas.
 15038 | D:10     | Found an iron altar of Okawaru.
 15041 | D:10     | Found a hide-covered altar of Uskayaw.
 15462 | D:10     | Found a runed translucent door.
 15462 | D:10     | Found a runed translucent door.
 15462 | D:10     | Identified the +4 ring mail of the Desert {rN+ rCorr Dex+2}
 15462 | D:10     | Noticed a rakshasa
 15462 | D:10     | Noticed a tengu warrior
 15466 | D:10     | Identified the +1 scale mail "Imemury" {rC+}
 15482 | D:10     | Killed a tengu warrior
 15560 | D:10     | Noticed a boulder beetle
 15619 | D:10     | Killed a rakshasa
 15681 | D:10     | Killed a boulder beetle
 15953 | D:10     | Noticed a boulder beetle
 16047 | D:10     | Killed a boulder beetle
 16362 | D:10     | Killed a centaur warrior
 16368 | D:10     | Killed a centaur warrior
 16381 | D:10     | Killed a boulder beetle
 17212 | D:11     | Noticed a two-headed ogre
 17223 | D:11     | Killed a two-headed ogre
 17450 | D:11     | Found Diethraho's Assorted Antiques.
 17668 | D:11     | Received a gift from Trog
 17699 | D:11     | Bought a bubbling ruby potion for 31 gold pieces
 18345 | D:11     | Noticed a two-headed ogre
 18355 | D:11     | Killed a two-headed ogre
 18770 | D:11     | Reached skill level 15 in Axes
 19158 | D:12     | Reached XP level 13. HP: 79/116 MP: 12/12
 19514 | D:12     | Identified the +1 robe of Action {Dex+4}
 20490 | D:13     | Found a gate to the Vaults.
 20892 | D:13     | Reached skill level 10 in Evocations
 21384 | D:13     | HP: 5/118 [enormous slime creature (63)]
 22620 | D:13     | Reached skill level 15 in Armour
 23213 | D:13     | Identified the +2 trident of Defence {vorpal, *Noise rF+
                  | Int+5}
 23848 | D:14     | Found an opulent altar of Gozag.
 23849 | D:14     | Found an opulent altar of Gozag.
 24261 | D:14     | Found an opulent altar of Gozag.
 24292 | D:14     | Found an opulent altar of Gozag.
 24484 | D:14     | Noticed Agnes
 24488 | D:14     | Mangled by Agnes

Illustrated notes

Levels and vault maps discovered:
D:1:      dpeg_arrival_stone_temple_mockup, layout_loops_corners, serial_glass,
          glass_columns_b, glass_columns_c, glass_columns_b, glass_columns_b,
          minmay_misc_feat_enclosed, serial_park_tiny_pond
D:2:      layout_basic, serial_shops, shop, ebering_ecumenical_altar_rust,
          chequers_serial_rivers_micro_e
D:3:      layout_basic, uniq_grinder
D:4:      layout_basic, minmay_temple_entry_glass, minivault_11,
          minmay_misc_feat_nine_boxes, hangedman_abyss_or_decor_lesser_grid
D:5:      layout_rooms, overflow_temple_1_default, uniq_sigmund,
          uniq_crazy_yiuf_cottage
D:6:      layout_basic, trog_hazing_becter, nemelex_diamond_rough_becter,
          serial_shops, nicolae_take_the_stairs, minmay_diced_spiral
D:7:      layout_loops_corners
D:8:      layout_basic, kennysheep_slug_shrine, grunt_decor_mini_mirrors,
          kennysheep_boxes
D:9:      layout_loops_cross, david_lair_generic, minmay_hedge_maze
D:10:     minmay_the_grid_triangle_9x9_rhombus_full
          [minmay_the_grid_triangle_9x9_intruding_spiral,
          minmay_the_grid_triangle_9x9_subtriangle,
          minmay_the_grid_triangle_9x9_dagger,
          minmay_the_grid_triangle_9x9_cache,
          minmay_the_grid_triangle_9x9_minimal,
          minmay_the_grid_triangle_9x9_corrupted_corridor,
          minmay_the_grid_triangle_9x9_tough_junction,
          minmay_the_grid_triangle_9x9_prize_schism], layout_stronghold,
          grunt_temple_overflow_diamond, hiddenorc2_lemuel,
          bh_hangedman_babel_library, uniq_urug
D:11:     layout_loops_ring, serial_shops, shop
D:12:     layout_basic
D:13:     layout_irregular_city, david_vaults_1
D:14:     layout_rooms, nicolae_kikubaaqudgha_miasma_corner,
          nicolae_gozag_conspicuous_consumption, uniq_agnes, uniq_jorgrun

Skill      XL: |  1  2  3  4  5  6  7  8  9 10 11 12 13 |
---------------+----------------------------------------+-----
Fighting       | 4 5 6 7 9 10 11 12 | 12.6
Axes           | 4 5 6 7 8 10 12 14 15 | 15.5
Evocations     | 1 2 3 4 6 7 8 9 10 | 10.5
Armour         | 3 4 5 7 8 10 12 14 15 | 15.5
Dodging        | 3 4 |  4.0
Stealth        | 1 4 |  4.0

Action                   |  1- 3 |  4- 6 |  7- 9 | 10-12 | 13-15 || total
-------------------------+-------+-------+-------+-------+-------++-------
Melee: Hand axe          |    90 |    74 |   264 |   508 |   301 ||  1237
       Headbutt          |     9 |    13 |    61 |   146 |   101 ||   330
       Punch             |       |       |     5 |     7 |     3 ||    15
       War axe           |       |       |    27 |    56 |       ||    83
Invok: Berserk           |       |     2 |     7 |    13 |     3 ||    25
       Trog's Hand       |       |       |       |     1 |       ||     1
Evoke: Wand              |       |       |       |     6 |     4 ||    10
  Use: Potion            |     4 |       |     3 |       |       ||     7
       Scroll            |     2 |     6 |     1 |     5 |     5 ||    19
 Stab: Sleeping          |     1 |       |       |       |       ||     1
       Distracted        |       |       |     1 |       |       ||     1
       Paralysed         |       |       |       |       |    16 ||    16
Armor: Animal skin       |     7 |       |       |       |       ||     7
       Ring mail         |    17 |    30 |       |       |       ||    47
       Scale mail        |       |     1 |    31 |       |       ||    32
       Plate armour      |       |       |   138 |   391 |   126 ||   655
Dodge: Dodged            |    54 |    41 |   127 |   196 |    85 ||   503
